Map: 光影交错-天梯版

Players

TIME (Oliveira) - Winner!

  • Race: Terran Terran

JieShi

  • Race: Protoss Protoss
  • League: Master

Event: DreamHack SC2 Masters 2021 Summer

VOD

Have the link to the VOD?

Description

Time

  • Played on: May 28, 2021, 7:13 a.m.
  • Length: 8:20

All games in this series

Show
View Real Time Build Order
Export as new Build Order

TIME Terran - Winner!

Build Orders:  

Get SALT Encoding   

  12  0:00  SCV  
  13  0:12  SCV  
  14  0:17  Supply Depot  
  14  0:24  SCV  
  15  0:39  SCV  
  15  0:40  Barracks  
  16  0:43  Refinery  
  16  0:51  SCV  
  17  1:03  SCV  
  18  1:15  SCV  
  19  1:27  Orbital Command, Marine  
  20  1:39  Command Center  
  20  1:45  Reaper  
  21  1:50  Supply Depot  
  21  1:54  SCV  
  22  2:07  SCV  
  22  2:08  Factory  
  23  2:18  Bunker  
  23  2:19  SCV  
  23  2:22  Barracks Reactor  
  24  2:26  Refinery  
  24  2:31  SCV  
  25  2:43  SCV  
  26  2:53  Hellion  
  26  2:55  Starport, Orbital Command  
  26  2:56  SCV  
  29  2:59  Marine  
  29  3:01  Marine  
  31  3:08  SCV  
  32  3:14  Widow Mine  
  32  3:17  Marine  
  32  3:19  Marine  
  36  3:21  SCV  
  36  3:28  SCV  
  36  3:29  Supply Depot  
  36  3:31  Medivac  
  36  3:33  SCV  
  40  3:35  Widow Mine  
  40  3:40  SCV, Marine x2  
  45  3:46  SCV  
  46  3:52  SCV  
  46  3:53  Barracks  
  47  3:57  Factory Tech Lab  
  47  3:58  SCV, Marine x2  
  50  4:04  SCV  
  50  4:06  Starport Tech Lab  
  50  4:08  Barracks  
  51  4:10  SCV  
  51  4:13  Supply Depot  
  51  4:16  Engineering Bay  
  52  4:19  SCV  
  52  4:21  Marine  
  54  4:26  Refinery  
  54  4:29  Supply Depot  
  54  4:34  Marine  
  54  4:35  SCV x2  
  57  4:39  Supply Depot  
  57  4:43  Terran Infantry Weapons Level 1  
  57  4:46  Marine, Stimpack  
  57  4:47  SCV x2  
  57  4:51  Starport Reactor, Marine  
  57  4:52  Factory Reactor  
  61  4:59  SCV x2  
  63  5:00  Combat Shield, Supply Depot  
  63  5:01  Marine  
  63  5:06  Refinery  
  64  5:07  Marine  
  64  5:08  Marauder  
  64  5:09  Marine  
  64  5:11  SCV  
  64  5:13  SCV  
  70  5:20  Marauder  
  72  5:23  SCV  
  72  5:24  Supply Depot  
  72  5:25  SCV  
  72  5:27  Marine  
  75  5:28  Medivac x2  
  75  5:30  Widow Mine  
  75  5:32  Widow Mine  
  75  5:35  Marauder  
  85  5:40  Marine  
  85  5:44  Marine  
  85  5:46  Marauder  
  88  5:55  Widow Mine x2  
  88  5:56  Marine  
  93  5:59  Marine  
  94  6:11  Supply Depot  
  94  6:14  Marine, Medivac x2  
  94  6:15  Marauder, Marine  
  94  6:17  Command Center  
  102  6:23  Supply Depot  
  102  6:25  Concussive Shells  
  102  6:32  Marine  
  102  6:33  Widow Mine x2, SCV x2  
  102  6:34  Marine  
  102  6:38  Marine  
  110  6:45  SCV x2, Marauder  
  112  6:55  Marine x2  
  112  6:56  Marauder  
  112  6:57  Widow Mine x2, SCV, Medivac x2  
  118  7:01  SCV  
  118  7:03  Supply Depot  
  118  7:05  Supply Depot  
  117  7:14  Marauder  
  117  7:15  Marine x2  
  119  7:17  SCV x2  
  119  7:20  Marauder  
  125  7:25  Widow Mine x2  
  129  7:31  Barracks  
  129  7:33  Barracks  
  129  7:35  Marine  
  130  7:38  Orbital Command  
  130  7:43  Marauder  
  130  7:47  Marine  
  114  8:02  SCV  
Show
View Real Time Build Order
Export as new Build Order

JieShi Protoss 

Build Orders: 1 Gate Expand, Blink Stalkers 

Get SALT Encoding   

  12  0:00  Probe  
  13  0:12  Probe  
  14  0:17  Pylon  
  14  0:25  Probe (Chrono Boost)  
  15  0:37  Probe (Chrono Boost), Gateway  
  16  0:44  Probe (Chrono Boost)  
  16  0:46  Assimilator  
  17  0:51  Probe  
  18  1:03  Probe  
  19  1:15  Probe  
  20  1:25  Cybernetics Core  
  20  1:31  Nexus  
  20  1:34  Probe  
  21  1:42  Pylon  
  21  1:46  Probe  
  22  1:49  Assimilator  
  22  1:58  Adept (Chrono Boost)  
  22  1:59  Probe  
  25  2:01  Warp Gate  
  25  2:11  Probe  
  26  2:16  Twilight Council  
  26  2:23  Probe, Stalker (Chrono Boost)  
  29  2:35  Probe  
  30  2:45  Probe  
  30  2:47  Probe  
  30  2:49  Blink (Chrono Boost)  
  32  2:57  Probe (Chrono Boost)  
  32  3:01  Probe (Chrono Boost)  
  33  3:09  Probe (Chrono Boost)  
  35  3:15  Gateway  
  35  3:17  Probe x2 (Chrono Boost)  
  36  3:23  Probe x2  
  36  3:28  Robotics Facility  
  36  3:35  Probe x2  
  38  3:43  Nexus  
  38  3:47  Probe x2  
  39  3:52  Pylon  
  39  3:55  Stalker  
  41  3:59  Probe  
  41  4:00  Probe  
  43  4:09  Pylon  
  43  4:10  Stalker  
  43  4:11  Probe  
  43  4:12  Probe  
  47  4:17  Observer  
  47  4:18  Stalker  
  47  4:20  Assimilator  
  47  4:23  Pylon  
  47  4:24  Probe x2  
  52  4:32  Gateway  
  52  4:34  Gateway  
  52  4:37  Stalker  
  54  4:40  Observer, Probe  
  54  4:42  Probe  
  54  4:45  Charge  
  57  4:54  Forge  
  57  4:57  Probe (Chrono Boost)  
  57  4:58  Pylon  
  57  4:59  Probe (Chrono Boost)  
  59  5:04  Observer  
  62  5:07  Probe (Chrono Boost)  
  62  5:09  Probe (Chrono Boost)  
  62  5:13  Gateway  
  62  5:15  Probe, Gateway  
  62  5:19  Probe  
  62  5:20  Probe  
  65  5:23  Observer, Sentry x2  
  65  5:27  Probe, Shield Battery  
  70  5:28  Protoss Ground Weapons Level 1 (Chrono Boost)  
  70  5:31  Probe, Warp Prism (Chrono Boost)  
  70  5:34  Observer  
  73  5:37  Probe  
  73  5:39  Probe  
  75  5:43  Probe  
  76  5:52  Gateway  
  76  5:55  Probe  
  77  5:57  Gateway  
  77  6:00  Immortal  
  81  6:04  Zealot, Sentry  
  81  6:05  Zealot x2  
  89  6:11  Stalker  
  89  6:12  Stalker  
  89  6:13  Probe  
  89  6:14  Probe  
  89  6:19  Photon Cannon  
  89  6:22  Photon Cannon  
  89  6:26  Probe  
  89  6:27  Zealot  
  89  6:31  Pylon  
  92  6:35  Pylon  
  92  6:45  Probe, Pylon  
  92  6:46  Pylon  
  93  6:48  Pylon  
  93  6:49  Probe x2, Immortal  
  93  6:52  Zealot x2  
  93  6:53  Zealot  
  95  6:57  Observer, Probe  
  95  7:01  Probe x2  
  92  7:09  Probe  
  92  7:10  Robotics Bay  
  92  7:13  Probe  
  92  7:16  Zealot  
  92  7:17  Zealot x3  
  92  7:22  Probe x2  
  102  7:25  Probe  
  102  7:28  Assimilator  
  103  7:30  Photon Cannon  
  103  7:32  Shield Battery  
  103  7:34  Immortal (Chrono Boost)  
  107  7:41  Zealot x2  
  101  7:53  Stalker x2  
  101  7:55  Zealot x2  
  101  7:56  Zealot x2  
  100  8:01  Zealot x2  
  83  8:05  Probe  
  83  8:06  Probe x2  
Tags
 
Add a new tag
Caveats
  • Supply blocks, unpowered buildings, or Contaminate may cause inaccurate times.
  • Supply counts are checked every 10 seconds.